 Dungeon Crawl Stone Soup version 0.32-a0-938-g40ac7a0f4d (webtiles) character file.

Game seed: 17355494570740065997

82 growler the Charlatan (level 4, 0/32 HPs)
             Began as a Coglin Artificer on Apr 15, 2024.
             Slain by a ribbon worm (7 damage)
             ... on level 2 of the Dungeon.
             The game lasted 00:03:21 (1741 turns).

growler the Charlatan (Coglin Artificer)            Turns: 1741, Time: 00:03:23

Health: 0/32       AC:  3    Str: 14    XL:     4   Next: 43%
Magic:  4/4        EV: 10    Int: 11    God:
Gold:   123        SH:  0    Dex: 14    Spells: 3/3 levels left

rFire   . . .        a - +0 club {Isabel}
rCold   . . .        f - +0 dagger {Osbert}
rNeg    . . .        b - +0 leather armour
rPois   .            (no helmet)
rElec   .            (no cloak)
rCorr   .            (no gloves)
SInv    .            (no boots)
Will    .....        (amulet unavailable)
Stlth   +            (ring unavailable)
HPRegen 0.25/turn    (ring unavailable)
MPRegen 0.09/turn    (no gizmo)

%: no passive effects
@: revved
A: off-hand wielding, slow wielding, warmup strikes, no jewellery
a: Invent Gizmo


You were on level 2 of the Dungeon.
You visited 1 branch of the dungeon, and saw 2 of its levels.

You collected 123 gold pieces.

Inventory:

Hand Weapons
 a - a +0 club (weapon) {Isabel}
 f - a +0 dagger (offhand) {Osbert}
Armour
 b - a +0 leather armour (worn)
Wands
 c - a wand of flame (14) (quivered)
 d - a wand of charming (14)
 e - a wand of iceblast (4)
Scrolls
 i - a scroll of blinking {unknown}
 j - a scroll of identify {unknown}
 l - a scroll of silence {unknown}
 n - a scroll of teleportation {unknown}
 o - a scroll of acquirement {unknown}
Potions
 g - a potion of degeneration {unknown}
 h - a potion of attraction {unknown}
 k - 2 potions of haste {unknown}
 m - a potion of berserk rage {unknown}


   Skills:
 - Level 1.0 Fighting
 + Level 2.3 Maces & Flails
 - Level 1.7 Armour
 - Level 0.8 Dodging
 - Level 0.7 Stealth
 + Level 5.5 Evocations


You had 3 spell levels left.
You didn't know any spells.
Your spell library contained the following spells:

 Spells                   Type           Power      Damage    Failure   Level
 Sigil of Binding         Hex            0%         N/A       78%         3
 Death Channel            Necr           0%         N/A       100%        6
 Sculpt Simulacrum        Ice/Alch       0%         N/A       100%        6


Dungeon Overview and Level Annotations

Branches:
Dungeon (2/15)

Altars:


Innate Abilities, Weirdness & Mutations

You can wield a second weapon in your off-hand.
It takes a long time for you to wield or remove held weapons.
Your first few attacks do less damage.
You cannot equip rings or amulets.


Message History

The goblin hits you but does no damage. The ribbon worm misses you.
The goblin hits you with a +0 hand axe.
The goblin hits your adder with a +0 hand axe.
The frilled lizard unfolds its giant frill.
You barely miss the goblin with your +0 dagger.
You barely miss the goblin with your +0 club.
Your adder barely misses the goblin.
The goblin misses you. The goblin closely misses your adder.
The frilled lizard barely misses you. The ribbon worm bites you.
Your adder barely misses the goblin.
You hit the goblin with your +0 club.
You kill the goblin!
The frilled lizard bites you.
Your adder bites the ribbon worm.
The ribbon worm bites you. The frilled lizard bites you.
Found 5 stones.
Your adder bites the ribbon worm.
The ribbon worm expels a string of sticky webbing.
The stream of webbing misses you.
The stream of webbing hits the frilled lizard but does no damage.
The frilled lizard is caught in a web!
Your adder bites the ribbon worm.
The frilled lizard struggles to get unstuck from the web.
You see here a +0 hand axe.
You completely miss the hobgoblin with your +0 dagger.
You completely miss the hobgoblin with your +0 club.
Your adder bites the ribbon worm but does no damage.
The ribbon worm closely misses you. The hobgoblin closely misses you.
The frilled lizard struggles to get unstuck from the web.
You hit the hobgoblin but do no damage.
You closely miss the hobgoblin with your +0 club.
Your adder bites the ribbon worm.
The frilled lizard tears the web.
The ribbon worm expels a string of sticky webbing.
The stream of webbing hits you but does no damage.
You are caught in a web!
The hobgoblin hits you with a +0 club.
* * * LOW HITPOINT WARNING * * *
Your adder barely misses the ribbon worm.
The web tears apart.
Your adder bites the ribbon worm but does no damage.
The frilled lizard bites you but does no damage.
The hobgoblin hits you with a +0 club.
* * * LOW HITPOINT WARNING * * *
The ribbon worm bites you!
You die...

#>..### ##...# #.# ..###
.......#####.## #.. .##
.......?## #..## ##. ##
.........####..# ##
(.........####.# #
...........# #.# #
....$......###.# # #
♣..♣...l...#...# # #
♣...g@...'...# ### #
♣....wS).'...# ###.. #
♣..♣.......#...# #....
## ...........#...#
#.#.# .#
...........#...### #.#.#
## ..........##.....#
#...# #
.........##....#.###..##
#
........##.....#..))....
# ......#
#..÷......##.##


You could see a ribbon worm (catching breath, ally target), a hobgoblin, a
frilled lizard and a friendly adder (charmed).

Vanquished Creatures
  A gnoll (D:1)
  2 adders (D:2)
  5 dart slugs
  A ribbon worm (D:2)
  6 endoplasms
  4 giant cockroaches
  7 goblins
  4 quokkas
  3 ball pythons (D:1)
  2 bats
  A frilled lizard (D:2)
  2 kobolds
  3 rats
41 creatures vanquished.

Notes
Turn   | Place    | Note
-------+----------+-------------------------------------------
     0 | D:1      | growler the Coglin Artificer began the quest for the Orb.
     0 | D:1      | Reached XP level 1. HP: 15/15 MP: 1/1
   139 | D:1      | Reached skill level 1 in Maces & Flails
   139 | D:1      | Reached XP level 2. HP: 11/21 MP: 2/2
   376 | D:1      | Reached XP level 3. HP: 26/26 MP: 3/3
   886 | D:1      | Reached skill level 5 in Evocations
  1559 | D:2      | Reached XP level 4. HP: 17/32 MP: 4/4
  1741 | D:2      | Slain by a ribbon worm

Illustrated notes

Levels and vault maps discovered:
D:1:      saegor_arrival_miasma, layout_basic,
          hangedman_abyss_or_decor_lesser_grid
D:2:      kennysheep_big_flooded_room, layout_rooms

Skill      XL: |  1  2  3 |
---------------+----------+-----
Maces & Flails | 1 2 |  2.3
Evocations     | 5 |  5.5
Fighting       | |  1.0
Armour         | |  1.7
Dodging        | |  0.8
Stealth        | |  0.7

Action                     |  1- 3 |  4- 6 || total
---------------------------+-------+-------++-------
  Melee: Club              |    79 |    37 ||   116
         Dagger            |    76 |    33 ||   109
  Evoke: Wand              |     1 |     2 ||     3
 Armour: Leather armour    |    40 |    32 ||    72
  Dodge: Dodged            |    48 |    23 ||    71

Table legend: (Time is in decaauts)
 A = Elapsed time spent in this place.
 B = Non-inter-level travel time spent in this place.
 C = Inter-level travel time spent in this place.
 D = Time resting spent in this place.
 E = Time spent auto-exploring this place.
 F = Levels seen in this place.
 G = Mean time per level.
                   A        B        C        D        E       F      G
               +--------+--------+--------+--------+--------+-----+--------+
         Total |   1753 |   1711 |     42 |     61 |   1309 |   2 |  876.5 |
       Dungeon |   1753 |   1711 |     42 |     61 |   1309 |   2 |  876.5 |
               +--------+--------+--------+--------+--------+-----+--------+

Top non-repeatable levels by time:
     D:1: 1120 daAuts
     D:2: 633 daAuts
